 Dungeon Crawl Stone Soup version 0.18.1-50-g88ac8fd (webtiles) character file.

190601 varam the Eclecticist (level 18, -2/100 HPs)
             Began as a Gargoyle Earth Elementalist on Oct 12, 2016.
             Was a High Priest of Vehumet.
             Killed from afar by a starcursed mass (11 damage)
             ... with an accursed screaming
             ... on level 3 of the Abyss.
             The game lasted 04:30:36 (58305 turns).

varam the Eclecticist (GrEE)                       Turns: 58305, Time: 04:30:36

Health: -2/100     AC: 38    Str: 10    XL:     18   Next: 62%
Magic:  5/37       EV: 16    Int: 28    God:    Vehumet [*****.]
Gold:   824        SH: 10    Dex: 13    Spells: 12 memorised, 5 levels left

rFire  . . .     SeeInvis .     q - +3 morningstar (flame)
rCold  . . .     Gourm    .     h - +2 mottled dragon armour
rNeg   + . .     Faith    .     r - +0 buckler
rPois  ∞         Spirit   .     K - +2 helmet {Int+3}
rElec  +         Dismiss  .     U - +2 cloak {rPois}
rCorr  .         Reflect  +     H - +1 pair of gloves {Str+3}
SustAt .         Harm     .     E - +0 pair of boots
MR     +....                    P - amulet "Gucsohu" {Reflect Dex+3 SH+3}
Stlth  ++........               d - +2 ring of protection
                                B - ring of wizardry

@: flying, delayed fireball, somewhat resistant to hostile enchantments,
unstealthy
A: big wings, large bone plates 1, frail 1, negative energy resistance 1,
electricity resistance, weak 2, unbreathing, petrification resistance, rot
immunity, AC +13
a: Stop Flying, Renounce Religion, Release Delayed Fireball


You were on level 3 of the Abyss.
You worshipped Vehumet.
Vehumet was extremely pleased with you.
You were hungry.

You visited 6 branches of the dungeon, and saw 34 of its levels.
You visited the Abyss 2 times.
You also visited: Bailey.

You collected 2730 gold pieces.
You spent 1906 gold pieces at shops.

Inventory:

Hand Weapons
 q - a +3 morningstar of flaming (weapon)
Missiles
 b - 762 stones (quivered)
Armour
 h - a +2 mottled dragon armour (worn)
 r - a +0 buckler (worn)
 E - a +0 pair of boots (worn)
 H - a +1 pair of gloves of strength (worn)
 K - a +2 helmet of intelligence (worn)
 U - a +2 cloak of poison resistance (worn)
Magical Staves
 x - an uncursed staff of earth
 T - an uncursed staff of fire
Rods
 c - a +1 rod of clouds (11/11)
   (You found it on level 6 of the Lair of Beasts)
Jewellery
 d - a +2 ring of protection (right hand)
 l - a +5 amulet of reflection
 p - an uncursed ring of see invisible
 v - an uncursed ring of protection from magic
 B - a ring of wizardry (left hand)
 F - an uncursed ring of fire
 I - an uncursed amulet of rage {unknown}
 P - the amulet "Gucsohu" (around neck) {Reflect Dex+3 SH+3}
   (You found it on level 3 of the Snake Pit)

   [amulet of reflection]

   It shields you and reflects attacks.
   It affects your dexterity (+3).
   It affects your SH (+3).
 Q - an uncursed ring of protection from cold
Wands
 f - a wand of slowing (29/48)
 n - a wand of disintegration (13/24)
 s - a wand of lightning (7/15)
 S - a wand of confusion (17/48)
Scrolls
 a - 5 scrolls of remove curse
 i - 9 scrolls of blinking
 u - a scroll of fog {unknown}
 y - 2 scrolls of teleportation
 A - a scroll of holy word {unknown}
 C - 3 scrolls of enchant weapon
 D - 4 scrolls of recharging
 G - a scroll of identify
 M - a scroll of enchant armour
 N - a scroll of vulnerability {unknown}
 V - a scroll of fear
 X - 4 scrolls of magic mapping
Potions
 e - 2 potions of lignification
 g - 5 potions of might
 j - 2 potions of agility
 o - 2 potions of haste
 t - a potion of cure mutation
 J - 3 potions of resistance
 L - a potion of magic {unknown}
 R - 2 potions of curing
 W - 4 potions of brilliance
Books
 m - a book of Power

   Spells                             Type                      Level
   a - Fulminant Prism                Conjuration/Hexes            4
   b - Iskenderun's Mystic Blast      Conjuration                  4
   c - Venom Bolt                     Conjuration/Poison           5
   d - Bolt of Magma                  Conjuration/Fire/Earth       5
   e - Iron Shot                      Conjuration/Earth            6
   f - Orb of Destruction             Conjuration                  7
   g - Spellforged Servitor           Conjuration/Summoning        7
Miscellaneous
 k - an ornate deck of summoning
 z - a phial of floods
Comestibles
 w - a meat ration
 O - 10 fruits
 Y - 3 bread rations


   Skills:
 + Level 11.8 Fighting
 + Level 10.1 Maces & Flails
 + Level 8.7 Armour
 + Level 9.1 Dodging
 - Level 2.1 Stealth
 - Level 5.0 Shields
 * Level 15.6 Spellcasting
 + Level 12.3 Conjurations
 - Level 2.0 Transmutations
 + Level 9.8 Fire Magic
 - Level 2.2 Air Magic
 + Level 14.0 Earth Magic
 + Level 6.6 Evocations


You had 5 spell levels left.
You knew the following spells:

 Your Spells              Type           Power        Failure   Level  Hunger
a - Iron Shot             Conj/Erth      #######...   1%          6    ###....
b - Lee's Rapid Deconstr  Erth           #######...   1%          5    None
c - Stone Arrow           Conj/Erth      ######       1%          3    None
d - Passwall              Trmt/Erth      ######....   1%          2    None
e - Throw Flame           Conj/Fire      ######       1%          2    None
f - Conjure Flame         Conj/Fire      ######..     1%          3    None
g - Lightning Bolt        Conj/Air       ######....   1%          5    None
h - Delayed Fireball      Conj/Fire      N/A          4%          7    #####..
i - Static Discharge      Conj/Air       ######..     1%          3    None
j - Swiftness             Chrm/Air       ####....     1%          2    None
k - Regeneration          Chrm/Necr      ###.......   4%          3    None
z - Repel Missiles        Chrm/Air       ####..       1%          2    None


Dungeon Overview and Level Annotations

Branches:
Dungeon (15/15)            Temple (1/1) D:6            Lair (8/8) D:11
 Shoals (4/4) Lair:5        Snake (4/4) Lair:6        Slime (0/6) Lair:8
    Orc (2/2) D:10            Elf (0/3) Orc:2        Vaults (0/5) D:13
 Depths (0/5) D:15

Altars:
Ashenzari
Cheibriados
Dithmenos
Elyvilon
Fedhas
Gozag
Kikubaaqudgha
Makhleb
Nemelex Xobeh
Okawaru
Pakellas
Qazlal
Ru
Sif Muna
Trog
Vehumet
Xom
Yredelemnul
Zin
The Shining One
Jiyva

Shops:
D:5 =[[   D:9 *   D:10 *   D:12 (   D:13 *   D:15 (   Orc:1 =   Orc:2 !?[%

Annotations:
D:10 Maud
Snake:3 Louise


Innate Abilities, Weirdness & Mutations

You are resistant to torment.
Your stone body is resilient (AC +13).
You are immune to poison.
Your large and strong wings let you fly indefinitely.
You resist negative energy.
You are resistant to electric shocks.
You can survive without breathing.
You are immune to petrification.
You are immune to rotting.
You are partially covered in large bone plates (AC +2, SH +2).
[You are frail (-10% HP).]
[You are very weak. (Str -4)]


Message History

Press: ? - help, Shift-Dir - straight line, f - large abomination
Aim: a large abomination (heavily damaged)
The iron shot hits the large abomination.
The large abomination is almost destroyed.
The large abomination misses you.
Casting: Iron Shot
Confirm with . or Enter, or press ? or * to list all spells.
Aiming: Iron Shot
Press: ? - help, Shift-Dir - straight line, f/p - large abomination
Aim: a large abomination (almost destroyed)
The iron shot hits the large abomination.
You destroy the large abomination!
Vehumet accepts your kill.
You feel the corruption within you wane somewhat.
You feel robust.
The starcursed mass engulfs you but does no damage.
A deafening chorus of shrieks assaults your mind!
* * * LOW HITPOINT WARNING * * *
A deafening chorus of shrieks assaults your mind!
You die...

###### ..#.##
#..≈≈ §≈≈≈ ##
..# # .# #.
##.## ##..#.#.
#.##.@.# ..#.#..
#..##.##X.#
#.... ..
#......### # ...
##.###X..# .#
...###.. ##X#X
..# # ...
.#.###.X.#..##
...
.#XXX...X#####..
# .# .X#### ..#
. .. ## # .#


You could see 6 starcursed masses.

Vanquished Creatures
  Nikola (Shoals:1)
  Rupert (Orc:1)
  A sphinx (Abyss:3)
  The ghost of Chiseanne the Thaumaturge, an adept CeAE of Gozag (Shoals:3)
  Gastronok (Orc:1)
  A greater naga (Snake:3)
  An orc warlord (D:12)
  Nessos (Lair:7)
  3 merfolk impalers
  A merfolk javelineer (Shoals:3)
  Josephine (D:10)
  A fire dragon (Lair:8)
  A great orb of eyes (Abyss:3)
  2 rakshasas
  11 naga warriors
  17 hydras
  3 centaur warriors
  4 merfolk avatars
  2 ogre magi (D:15)
  3 merfolk aquamancers
  2 dancing weapons (D:13)
  4 anacondas
  Erica (D:8)
  6 death yaks
  A satyr (Shoals:3)
  A catoblepas (D:13)
  3 shock serpents
  Nergalle (D:12)
  13 naga sharpshooters
  Sonja (D:11)
  An orc high priest (Orc:1)
  A salamander mystic (Snake:2)
  A wretched star (Abyss:3)
  5 sea snakes
  A spatial maelstrom (Abyss:3)
  2 unseen horrors
  4 hill giants
  The ghost of Rationalist the Nimble, a novice MiGl (D:6)
  3 harpies (Shoals:1)
  4 orc knights (Orc:2)
  3 deep elf magi
  Pikel (D:7)
  2 mana vipers
  4 orc sorcerers
  8 fauns
  11 griffons
  A wizard (D:15)
  3 cyclopes
  10 salamanders
  A large abomination (Abyss:3)
  9 elephants
  11 ugly things
  The ghost of kraedy the Shield-Bearer, a novice GrFi (D:5)
  7 sirens
  A guardian serpent (shapeshifter) (D:15)
  8 manticores
  14 naga magi
  32 black mambas
  4 water nymphs
  3 guardian serpents
  Joseph (D:10)
  Maurice (D:10)
  A kobold demonologist (D:14)
  16 spiny frogs
  2 gargoyles
  2 efreet
  2 rime drakes
  7 komodo dragons
  9 trolls
  7 two-headed ogres
  38 merfolk
  5 polar bears
  2 wind drakes
  4 raiju (Abyss:3)
  4 slime creatures (D:13)
  18 blink frogs
  2 centaur simulacra
  6 snapping turtles
  2 small abominations (Abyss:3)
  A spriggan (shapeshifter) (D:15)
  2 shadows
  7 wraiths
  3 wyverns
  3 basilisks
  52 yaks
  12 water elementals
  A human (D:7)
  8 vampire mosquitoes
  14 hippogriffs
  2 hungry ghosts
  2 steam dragons (Lair:8)
  5 mottled dragons
  2 wargs (Orc:1)
  A soldier ant (D:12)
  A spatial vortex (Abyss:3)
  55 nagas
  18 water moccasins
  9 porcupines
  A black bear (Lair:4)
  38 orc warriors
  3 slaves (D:7)
  2 swamp drakes (Lair:8)
  3 ice beasts
  2 sky beasts
  3 eyes of draining
  2 wasps
  A necrophage (D:9)
  9 wolves
  19 ogres
  21 centaurs
  17 crocodiles
  3 big kobolds
  Blork the orc (D:4)
  25 giant frogs
  A wyvern skeleton (D:11)
  A water moccasin skeleton (D:10)
  A scorpion (D:11)
  27 killer bees
  6 wights
  4 electric eels
  7 jellies
  10 howler monkeys
  10 crimson imps
  A wasp zombie (D:13)
  6 centaur zombies
  5 hounds
  12 orc priests
  3 giant frog skeletons
  2 giant frog zombies
  23 orc wizards
  4 centaur skeletons
  A gnoll shaman (Orc:1)
  Jessica (D:2)
  13 worker ants
  11 iguanas
  4 hell rats (Lair:8)
  A killer bee zombie (D:8)
  43 sheep
  A hound zombie (D:11)
  A hound skeleton (D:10)
  A howler monkey skeleton (D:10)
  A worker ant zombie (D:6)
  18 adders
  12 gnolls
  63 river rats
  4 shadow imps
  3 oozes
  An adder skeleton (D:5)
  3 worms
  2 dart slugs
  6 giant geckos
  100 orcs
  2 bats
  3 giant cockroaches
  9 goblins
  10 hobgoblins
  19 jackals
  4 quokkas
  2 ball pythons
  2 giant newts
  20 kobolds
  A quokka skeleton (D:4)
  A quokka zombie (D:6)
  11 rats
1221 creatures vanquished.

Vanquished Creatures (collateral kills)
  An anaconda (Snake:1)
  3 naga ritualists (Snake:1)
  A mana viper (Snake:1)
  9 black mambas (Snake:1)
  A naga (Snake:1)
15 creatures vanquished.

Vanquished Creatures (others)
  The ghost of mvemjsun the Thaumaturge, a journeyman DEFE of Vehumet (Lair:7)
  A naga sharpshooter (Snake:3)
  A sea snake (Shoals:1)
  An unseen horror (D:14)
  A salamander (Snake:3)
  A wind drake (Shoals:1)
  3 sheep (Lair:7)
  14 fungi
  15 plants
38 creatures vanquished.

Grand Total: 1274 creatures vanquished

Notes
Turn   | Place    | Note
--------------------------------------------------------------
     0 | D:1      | varam the Gargoyle Earth Elementalist began the quest for the Orb.
     0 | D:1      | Reached XP level 1. HP: 10/10 MP: 3/3
   257 | D:1      | Reached XP level 2. HP: 15/15 MP: 3/5
   822 | D:1      | Reached XP level 3. HP: 17/19 MP: 4/7
   986 | D:2      | Learned a level 3 spell: Stone Arrow
  1179 | D:2      | Reached skill level 3 in Spellcasting
  1281 | D:2      | Reached XP level 4. HP: 24/24 MP: 2/8
  2279 | D:2      | Noticed Jessica
  2290 | D:2      | Killed Jessica
  2290 | D:2      | Reached skill level 1 in Conjurations
  2290 | D:2      | Reached skill level 5 in Earth Magic
  2290 | D:2      | Reached XP level 5. HP: 28/28 MP: 0/10
  2814 | D:3      | Found a shadowy altar of Dithmenos.
  3150 | D:4      | Found a shimmering altar of Xom.
  3246 | D:4      | Reached skill level 4 in Spellcasting
  3282 | D:4      | Reached XP level 6. HP: 20/32 MP: 0/12
  3759 | D:4      | Noticed Blork the orc
  3763 | D:4      | Killed Blork the orc
  3880 | D:4      | Reached XP level 7. HP: 36/36 MP: 4/14
  3884 | D:4      | Reached skill level 5 in Spellcasting
  4228 | D:5      | Entered Level 5 of the Dungeon
  4280 | D:5      | Noticed kraedy's ghost (novice GrFi)
  4539 | D:5      | Found Jueleo's Jewellery Shop.
  4677 | D:5      | Got a pair of smoking boots
  4683 | D:5      | Identified the +1 pair of boots of Haongirgh {rC+ rN+ Int-3} (You found it on level 5 of the Dungeon)
  4991 | D:5      | Found Nunoj's Antique Armour Boutique.
  4999 | D:5      | Bought a runed robe for 16 gold pieces
  4999 | D:5      | Bought a pair of glowing gloves for 108 gold pieces
  5021 | D:5      | Learned a level 5 spell: Lee's Rapid Deconstruction
  5138 | D:6      | Noticed Rationalist's ghost (novice MiGl)
  5278 | D:5      | Found Kiula Qod's Antique Armour Shoppe.
  5288 | D:5      | Found an oddly glowing altar of Pakellas.
  5903 | D:5      | Reached skill level 1 in Armour
  6008 | D:6      | Killed Rationalist's ghost
  6008 | D:6      | Reached skill level 1 in Maces & Flails
  6008 | D:6      | Reached skill level 6 in Spellcasting
  6008 | D:6      | Reached XP level 8. HP: 40/44 MP: 0/17
  6833 | D:6      | Reached skill level 5 in Conjurations
  6833 | D:6      | Reached XP level 9. HP: 38/48 MP: 1/18
  7131 | D:6      | Found a staircase to the Ecumenical Temple.
  7140 | Temple   | Entered the Ecumenical Temple
  7191 | Temple   | Became a worshipper of Vehumet
  7804 | D:7      | Noticed Pikel
  7964 | D:7      | Killed Pikel
  7964 | D:7      | Reached skill level 7 in Spellcasting
  8968 | D:8      | Found a flagged portal.
  8988 | Bailey   | Entered a bailey
  9029 | Bailey   | Reached * piety under Vehumet
  9029 | Bailey   | Offered knowledge of Shock by Vehumet.
  9232 | D:8      | Reached XP level 10. HP: 56/56 MP: 3/21
  9239 | D:8      | Learned a level 2 spell: Passwall
  9744 | D:8      | Noticed Erica
  9773 | D:8      | Killed Erica
 10469 | D:5      | Killed kraedy's ghost
 10496 | D:5      | Bought an uncursed ring of see invisible for 165 gold pieces
 10748 | D:9      | Reached skill level 8 in Spellcasting
 10900 | D:9      | Found Fowuequs's General Store.
 11043 | D:9      | Reached skill level 5 in Maces & Flails
 11651 | D:9      | Found an iron altar of Okawaru.
 11651 | D:9      | Found a shimmering altar of Xom.
 11728 | D:10     | Entered Level 10 of the Dungeon
 11728 | D:10     | Noticed a gargoyle
 11853 | D:10     | Killed a gargoyle
 11853 | D:10     | Reached skill level 5 in Fighting
 11959 | D:10     | Found Faxevupn's General Store.
 12090 | D:10     | Noticed an unseen horror
 12115 | D:10     | Reached skill level 5 in Armour
 12218 | D:10     | Killed an unseen horror
 12218 | D:10     | Reached XP level 11. HP: 57/64 MP: 13/23
 12278 | D:10     | Noticed Joseph
 12315 | D:10     | Paralysed by Joseph for 2 turns
 12326 | D:10     | Killed Joseph
 12326 | D:10     | Reached ** piety under Vehumet
 12355 | D:9      | Offered knowledge of Throw Flame by Vehumet.
 12359 | D:9      | Learned a level 2 spell: Throw Flame
 13923 | D:10     | Noticed Maurice
 13937 | D:10     | Killed Maurice
 13937 | D:10     | Reached skill level 9 in Spellcasting
 13973 | D:10     | Found an iron altar of Okawaru.
 14301 | D:10     | Noticed Josephine
 14502 | D:10     | Killed Josephine
 14502 | D:10     | Reached skill level 5 in Dodging
 14543 | D:10     | Found a staircase to the Orcish Mines.
 14562 | D:10     | Offered knowledge of Throw Frost by Vehumet.
 14810 | D:10     | Reached *** piety under Vehumet
 15070 | D:10     | Offered knowledge of Conjure Flame by Vehumet.
 15284 | D:11     | Noticed Sonja
 15440 | D:11     | Noticed Maud
 15893 | D:11     | Killed Sonja
 16001 | D:11     | Found a staircase to the Lair.
 16028 | D:11     | Reached XP level 12. HP: 57/71 MP: 14/25
 16468 | D:11     | Gained mutation: You are partially covered in large bone plates (AC +2, SH +2). [mutagenic meat]
 16768 | D:11     | Learned a level 3 spell: Conjure Flame
 16938 | D:11     | Reached skill level 10 in Spellcasting
 17402 | Lair:1   | Entered Level 1 of the Lair of Beasts
 17428 | Lair:1   | Noticed a seven-headed hydra
 17455 | Lair:1   | Killed a seven-headed hydra
 17455 | Lair:1   | Reached **** piety under Vehumet
 17785 | Lair:1   | Offered knowledge of Lightning Bolt by Vehumet.
 17803 | Lair:1   | Learned a level 5 spell: Lightning Bolt
 18341 | Lair:1   | Reached skill level 10 in Earth Magic
 18749 | Lair:2   | Noticed a six-headed hydra
 18755 | Lair:2   | Killed a six-headed hydra
 19117 | Lair:2   | Reached skill level 1 in Air Magic
 20476 | Lair:3   | Reached skill level 1 in Evocations
 20840 | Lair:3   | Reached XP level 13. HP: 75/76 MP: 13/27
 20890 | Lair:3   | Reached skill level 1 in Shields
 22344 | Lair:5   | Found a staircase to the Shoals.
 22680 | Lair:5   | Reached ***** piety under Vehumet
 22680 | Lair:5   | Offered knowledge of Bolt of Cold by Vehumet.
 22803 | Lair:5   | Reached skill level 11 in Spellcasting
 23165 | Lair:5   | Got a pair of smoking gloves
 23176 | Lair:5   | Identified the cursed +0 pair of gloves of the Monkey's Uncle {+Fly MR++ Int-5 Stlth+} (You found it on level 5 of the Lair of Beasts)
 23455 | Lair:5   | Got a jewelled plate armour
 23537 | Lair:5   | Identified the cursed +0 plate armour of Vehyxtie {Regen+ SInv} (You found it on level 5 of the Lair of Beasts)
 24280 | Lair:5   | Reached skill level 1 in Fire Magic
 24621 | Lair:7   | Noticed mvemjsun's ghost (journeyman DEFE)
 24630 | Lair:7   | Killed mvemjsun's ghost
 26008 | Lair:5   | Gained mutation: Your large and strong wings let you fly indefinitely. [Gargoyle growth]
 26008 | Lair:5   | Reached XP level 14. HP: 42/84 MP: 7/29
 26417 | Lair:6   | Found a staircase to the Snake Pit.
 28013 | Lair:7   | Learned a level 2 spell: Repel Missiles
 28055 | Lair:7   | Noticed Nessos
 28064 | Lair:7   | Killed Nessos
 28188 | Lair:7   | Identified a +1 rod of clouds (11/11) (You found it on level 6 of the Lair of Beasts)
 28189 | Lair:7   | Identified a -1 rod of clouds (14/14) (You took it off an orc priest on level 11 of the Dungeon)
 28676 | Lair:7   | Offered knowledge of Olgreb's Toxic Radiance by Vehumet.
 28974 | Lair:7   | Reached skill level 5 in Shields
 29522 | Lair:8   | Entered Level 8 of the Lair of Beasts
 29890 | Lair:8   | Reached skill level 12 in Spellcasting
 30308 | Lair:8   | Found a staircase to the Slime Pits.
 30310 | Lair:8   | Found a viscous altar of Jiyva.
 30357 | Lair:8   | Reached skill level 10 in Conjurations
 30389 | Lair:8   | Learned a level 3 spell: Static Discharge
 32280 | Orc:1    | Entered Level 1 of the Orcish Mines
 32280 | Orc:1    | Noticed Gastronok
 32288 | Orc:1    | Killed Gastronok
 32288 | Orc:1    | Reached XP level 15. HP: 80/90 MP: 12/31
 32326 | Orc:1    | Found Aphyut's Jewellery Boutique.
 32881 | Orc:2    | Entered Level 2 of the Orcish Mines
 32893 | Orc:2    | Noticed Rupert
 32898 | Orc:1    | Reached skill level 5 in Fire Magic
 32920 | Orc:1    | Offered knowledge of Delayed Fireball by Vehumet.
 32929 | Orc:1    | Learned a level 7 spell: Delayed Fireball
 33122 | Orc:2    | Found a staircase to the Elven Halls.
 33130 | Orc:2    | Paralysed by Rupert for 4 turns
 33157 | Orc:1    | Killed Rupert
 34344 | Orc:1    | Paralysed by an orc sorcerer for 7 turns
 35058 | Lair:7   | Learned a level 2 spell: Swiftness
 35519 | Orc:2    | Found Vieluu's Armour Shoppe.
 35519 | Orc:2    | Found Xis Null's Magic Scroll Shop.
 35521 | Orc:2    | Found Quxzethre's Distillery.
 35523 | Orc:2    | Found Zyuhef's Food Emporium.
 35533 | Orc:2    | Bought a scroll of remove curse for 42 gold pieces
 35979 | D:12     | Found Hisau's Antique Weapon Shop.
 36330 | D:12     | Bought an ebony falchion for 216 gold pieces
 36334 | D:12     | Identified the +1 falchion "Duonewich" {vamp, rF+ MP+9} (You bought it in a shop on level 12 of the Dungeon)
 36560 | D:5      | Bought a runed helmet for 108 gold pieces
 36560 | D:5      | Bought a scorched ring mail for 216 gold pieces
 36570 | D:5      | Identified the +1 ring mail of Okawaru's Approval {rElec rF+ rN+ SInv} (You bought it in a shop on level 5 of the Dungeon)
 36784 | Orc:2    | Bought a scroll of teleportation for 42 gold pieces
 36784 | Orc:2    | Bought a scroll of acquirement for 728 gold pieces
 36784 | Orc:2    | Bought a scroll of blinking for 105 gold pieces
 36794 | Orc:2    | Learned a level 3 spell: Regeneration
 36799 | Orc:2    | Bought a potion of resistance for 160 gold pieces
 36937 | D:12     | Noticed Nergalle
 36969 | D:12     | Noticed an orc warlord
 37448 | D:12     | Reached skill level 5 in Evocations
 38111 | D:12     | Killed Nergalle
 38363 | D:12     | Killed an orc warlord
 39101 | D:13     | Found Xuinte Ginn's Assorted Antiques.
 39110 | D:13     | Reached ****** piety under Vehumet
 39115 | D:13     | Offered knowledge of Bolt of Fire by Vehumet.
 39986 | Shoals:1 | Entered Level 1 of the Shoals
 40021 | Shoals:1 | Noticed Nikola
 40174 | Shoals:1 | Killed Nikola
 40174 | Shoals:1 | Reached skill level 13 in Spellcasting
 40174 | Shoals:1 | Reached XP level 16. HP: 67/97 MP: 1/33
 41186 | D:13     | Found a gate to the Vaults.
 42227 | D:14     | Offered knowledge of Iron Shot by Vehumet.
 42498 | D:14     | Reached skill level 14 in Spellcasting
 42550 | D:15     | Entered Level 15 of the Dungeon
 42583 | D:15     | Learned a level 6 spell: Iron Shot
 42846 | D:15     | Reached skill level 10 in Fighting
 43028 | D:15     | Found Nyim's Weapon Shoppe.
 43794 | D:15     | Found a staircase to the Depths.
 47618 | Shoals:2 | Reached XP level 17. HP: 80/103 MP: 15/35
 47897 | Shoals:3 | Noticed Chiseanne's ghost (adept CeAE)
 48078 | Shoals:2 | Reached skill level 1 in Transmutations
 48230 | Shoals:4 | Entered Level 4 of the Shoals
 48264 | Shoals:4 | Offered knowledge of Poison Arrow by Vehumet.
 48743 | Shoals:3 | Killed Chiseanne's ghost
 50907 | Snake:1  | Entered Level 1 of the Snake Pit
 52920 | Snake:2  | Reached skill level 15 in Spellcasting
 52948 | Snake:2  | You are sucked into a shaft!
 53389 | Snake:2  | Reached skill level 10 in Maces & Flails
 53519 | Snake:2  | Offered knowledge of Freezing Cloud by Vehumet.
 54041 | Snake:2  | Reached XP level 18. HP: 110/110 MP: 13/37
 56300 | Snake:3  | Offered knowledge of Lehudib's Crystal Spear by Vehumet.
 56300 | Snake:3  | Offered knowledge of Fire Storm by Vehumet.
 56300 | Snake:3  | Offered knowledge of Shatter by Vehumet.
 56306 | Snake:4  | Entered Level 4 of the Snake Pit
 56620 | Snake:3  | Got a heavily runed amethyst amulet
 57037 | Snake:3  | Identified the amulet "Gucsohu" {Reflect Dex+3 SH+3} (You found it on level 3 of the Snake Pit)
 57468 | Snake:4  | Noticed Louise
 57767 | Snake:4  | Cast into level 2 of the Abyss (Louise)
 57832 | Abyss:2  | Noticed a bone dragon
 57882 | Snake:4  | Escaped the Abyss
 57901 | Snake:3  | Cast into level 3 of the Abyss (Louise)
 57934 | Abyss:3  | Paralysed by a great orb of eyes for 4 turns
 58048 | Abyss:3  | Paralysed by a great orb of eyes for 7 turns
 58238 | Abyss:3  | Found a corrupted altar of Lugonu.
 58300 | Abyss:3  | Paralysed by accursed screaming for 1 turns
 58305 | Abyss:3  | Killed from afar by a starcursed mass

Skill      XL: |  1  2  3  4  5  6  7  8  9 10 11 12 13 14 15 16 17 18 |
---------------+-------------------------------------------------------+-----
Earth Magic    | 4 5 6 7 8 9 10 11 12 13 14 | 14.0
Spellcasting   | 3 4 6 7 8 9 10 11 12 13 14 15 | 15.6
Conjurations   | 1 2 3 4 5 7 8 9 10 11 12 | 12.3
Armour         | 2 3 5 6 7 8 |  8.7
Fighting       | 2 3 5 6 7 8 9 10 11 | 11.8
Maces & Flails | 1 2 4 5 6 7 8 9 10 | 10.1
Dodging        | 2 3 4 5 6 7 8 9 |  9.1
Air Magic      | 1 2 |  2.2
Evocations     | 1 2 4 5 6 |  6.6
Shields        | 4 5 |  5.0
Fire Magic     | 2 4 7 8 9 |  9.8
Transmutations | 2 |  2.0
Stealth        | |  2.1

Action                   |  1- 3 |  4- 6 |  7- 9 | 10-12 | 13-15 | 16-18 || total
-------------------------+-------+-------+-------+-------+-------+-------++-------
Melee: Unarmed           |     1 |       |       |       |       |       ||     1
       Club              |    20 |       |       |       |       |       ||    20
       Whip              |       |     6 |    71 |   162 |       |       ||   239
       Scimitar          |       |       |       |    21 |       |       ||    21
       Flail             |       |       |       |   123 |   608 |   381 ||  1112
       Falchion          |       |       |       |       |     5 |       ||     5
       Morningstar       |       |       |       |       |       |   134 ||   134
       Staff             |       |       |       |       |       |    20 ||    20
Throw: Stone             |       |     3 |     7 |     8 |    24 |     9 ||    51
 Cast: Sandblast         |    49 |    75 |    92 |    19 |     3 |       ||   238
       Stone Arrow       |       |    16 |   101 |   401 |   858 |   240 ||  1616
       Lee's Rapid Decon |       |       |       |    18 |    53 |    48 ||   119
       Throw Flame       |       |       |       |     6 |     3 |     7 ||    16
       Lightning Bolt    |       |       |       |       |     4 |       ||     4
       Repel Missiles    |       |       |       |       |     4 |     4 ||     8
       Conjure Flame     |       |       |       |       |     2 |       ||     2
       Iron Shot         |       |       |       |       |       |   426 ||   426
       Delayed Fireball  |       |       |       |       |       |     1 ||     1
       Regeneration      |       |       |       |       |       |     1 ||     1
 Abil: Fly               |       |       |       |       |       |     1 ||     1
Evoke: Wand              |       |       |       |     1 |     1 |     3 ||     5
  Use: Scroll            |       |       |    15 |     9 |    13 |    22 ||    59
       Potion            |       |       |       |       |     5 |    10 ||    15
 Stab: Sleeping          |     1 |       |       |     1 |     1 |       ||     3
       Distracted        |       |       |       |     1 |     2 |       ||     3
  Eat: Chunk             |     2 |     2 |     8 |    27 |    49 |    35 ||   123
       Bread ration      |       |     2 |     1 |     3 |     5 |     5 ||    16
       Meat ration       |       |       |     1 |       |     1 |     5 ||     7
       Royal jelly       |       |       |     1 |       |       |       ||     1
       Fruit             |       |       |       |     3 |     1 |    10 ||    14
       Beef jerky        |       |       |       |     2 |     1 |     6 ||     9
       Pizza             |       |       |       |       |       |    13 ||    13
Armor: Robe              |    24 |    21 |   127 |   192 |       |       ||   364
       Mottled dragon ar |       |       |       |   110 |   799 |   568 ||  1477
       Ring mail         |       |       |       |       |    13 |       ||    13
Dodge: Dodged            |    34 |    40 |   148 |   343 |   848 |   560 ||  1973
       Deflected         |       |       |       |       |    14 |    14 ||    28
Block: Shield            |       |       |       |    47 |    26 |       ||    73
       Other             |       |       |       |     4 |    80 |    18 ||   102
       Buckler           |       |       |       |       |       |   304 ||   304
       Reflection        |       |       |       |       |       |    22 ||    22
